 Dungeon Crawl Stone Soup version 0.30-a0-760-g5a9884bb7c (webtiles) character file.

Game seed: 17774626341765588289

102 holysushi the Insei (level 4, 0/27 HPs)
             Began as a Vampire Monk on Feb 11, 2023.
             Slain by an ufetubus (3 damage)
             ... on level 4 of the Dungeon.
             The game lasted 00:02:14 (2228 turns).

holysushi the Insei (Vampire Monk)                  Turns: 2228, Time: 00:02:14

Health: 0/27       AC:  0    Str:  9 (10) XL:     4   Next: 49%
Magic:  4/4        EV: 21    Int: 11 (12) God:
Gold:   39         SH:  0    Dex: 22 (23) Spells: 3/3 levels left

rFire   . . .      SeeInvis +      - Unarmed
rCold   + + .      Faith    .    (shield currently unavailable)
rNeg    + + +      Spirit   .    (body armour currently unavailable)
rPois   ∞          Reflect  .    (helmet currently unavailable)
rElec   .          Harm     .    (cloak currently unavailable)
rCorr   .          Rampage  .    (gloves currently unavailable)
Will    .....                    (boots currently unavailable)
Stlth   +++++                    (no amulet)
HPRegen 0.00/turn                (ring currently unavailable)
MPRegen 0.09/turn                (ring currently unavailable)

@: bat-form, flying, bloodless, inhibited regen, very quick
A: fast, flying, no casting, tiny, bloodless, fangs 3, see invisible, vampiric 2
a: Revivify, End Transformation


You were on level 4 of the Dungeon.
You were a vampire bat.
You visited 1 branch of the dungeon, and saw 4 of its levels.

You collected 221 gold pieces.
You spent 182 gold pieces at shops.

Inventory:

Armour
 a - a +0 robe (melded)
Jewellery
 m - a ring of protection from fire
Scrolls
 f - 3 scrolls of teleportation
 g - a scroll of blinking {unknown}
 l - 3 scrolls of identify
Potions
 b - a potion of degeneration
 c - a potion of cancellation {unknown}
 d - a potion of curing
 e - 2 potions of heal wounds
 h - a potion of brilliance
 i - a potion of might
 j - a potion of lignification {unknown}
 k - a potion of magic {unknown}


   Skills:
 - Level 2.6 Fighting
 - Level 3.2 Dodging
 - Level 3.0 Stealth
 + Level 5.9 Unarmed Combat


You had 3 spell levels left.
You didn't know any spells.
Your spell library contained the following spells:

 Spells                   Type           Power      Damage    Failure   Level
 Apportation              Tloc           0%         N/A       34%         1
 Call Canine Familiar     Summ           0%         N/A       71%         3
 Portal Projectile        Hex/Tloc       0%         N/A       71%         3
 Leda's Liquefaction      Hex/Erth       0%         N/A       98%         4
 Passage of Golubria      Tloc           0%         N/A       98%         4
 Alistair's Intoxication  Tmut/Pois      0%         N/A       100%        5
 Silence                  Hex/Air        0%         N/A       100%        5
 Lehudib's Crystal Spear  Conj/Erth      0%         10d2      100%        8


Dungeon Overview and Level Annotations

Branches:
Dungeon (4/15) Zot: 22037
 Temple: D:4-7

Altars:
Makhleb

Shops:
D:1 (   D:2 (   D:3 !=

Annotations:
D:3 1 runed translucent door, dolemite99's ghost, amateur DjEE


Innate Abilities, Weirdness & Mutations

You are a vampire bat.
You are tiny and dextrous.
You move quickly.
You are flying.
You are immune to poison.
Your equipment is almost entirely melded.
You are incapable of wielding weapons or throwing items.
You cannot cast spells.
You do not regenerate when monsters are visible.
You are frail without blood (-20% HP).
You can heal yourself when you bite living creatures.
You are immune to poison.
You have razor-sharp teeth.
You have supernaturally acute eyesight. (SInv)
You are afflicted with vampirism and can become a bat while bloodless.


Message History

The ufetubus barely misses you.
You hit the hound.
The hound is almost dead.
The hound completely misses you. The ufetubus closely misses you.
The ufetubus completely misses you.
You hit the hound.
You kill the hound!
The ufetubus hits you. The ufetubus barely misses you. The ufetubus misses you.
The ufetubus closely misses you.
You feel your intelligence returning.
You feel your dexterity returning.
You are too injured to fight recklessly!
You are too injured to fight recklessly!
You are too injured to fight recklessly!
You barely miss the ufetubus. You bite the ufetubus.
The ufetubus is heavily wounded.
The ufetubus barely misses you. The ufetubus completely misses you.
You hit the ufetubus but do no damage. Your bite misses the ufetubus.
The ufetubus is heavily wounded.
The ufetubus hits you. x2
* * * LOW HITPOINT WARNING * * *
You hit the ufetubus but do no damage.
The ufetubus is heavily wounded.
The ufetubus barely misses you. The ufetubus hits you.
* * * LOW HITPOINT WARNING * * *
The ufetubus closely misses you. The ufetubus hits you.
* * * LOW HITPOINT WARNING * * *
You closely miss the ufetubus.
The ufetubus is heavily wounded.
The ufetubus completely misses you. x2
You barely miss the ufetubus.
The ufetubus is heavily wounded.
The ufetubus closely misses you. The ufetubus misses you.
You hit the ufetubus. Your bite misses the ufetubus.
The ufetubus is almost dead.
The ufetubus barely misses you. The ufetubus completely misses you.
The ufetubus misses you. The ufetubus barely misses you.
You closely miss the ufetubus.
The ufetubus is almost dead.
The ufetubus hits you.
You die...

#############
#...........#
#...?.......#
#...........#
#...........##
#............###
#......†........
#.....5b....#.
#####.##....#
#.......#
####.####
.######.########
................
.######.########
#.## #..##


You could see an ufetubus.

Vanquished Creatures
  A hound (D:4)
  3 adders
  A worm (D:2)
  2 dart slugs (D:2)
  2 ball pythons
  5 endoplasms
  A giant cockroach (D:1)
  3 goblins
  4 hobgoblins
  A quokka (D:1)
  2 bats
  A frilled lizard (D:2)
  6 kobolds
  4 rats
36 creatures vanquished.

Vanquished Creatures (others)
  3 toadstools (D:1)
  2 withered plants (D:3)
5 creatures vanquished.

Grand Total: 41 creatures vanquished

Notes
Turn   | Place    | Note
-------+----------+-------------------------------------------
     0 | D:1      | holysushi the Vampire Monk began the quest for the Orb.
     0 | D:1      | Reached XP level 1. HP: 17/17 MP: 1/1
   286 | D:1      | Found Vaamn's Weapon Shop.
   435 | D:1      | Reached XP level 2. HP: 23/23 MP: 2/2
   491 | D:1      | Reached skill level 4 in Unarmed Combat
  1154 | D:2      | Found Dicesy's Weapon Boutique.
  1189 | D:2      | Gained mutation: You are afflicted with vampirism and can
                  | become a bat while bloodless. [Vampire growth]
  1189 | D:2      | Reached XP level 3. HP: 27/28 MP: 3/3
  1452 | D:2      | Reached skill level 5 in Unarmed Combat
  1851 | D:3      | Found Toanesed's Distillery.
  1856 | D:3      | Bought a potion of brilliance for 56 gold pieces
  1856 | D:3      | Bought a potion of might for 56 gold pieces
  1856 | D:3      | Bought a potion of heal wounds for 70 gold pieces
  1948 | D:3      | Found a runed translucent door.
  1951 | D:3      | Noticed dolemite99's ghost (amateur DjEE)
  2019 | D:3      | Reached XP level 4. HP: 27/27 MP: 4/4
  2019 | D:3      | Found Irphirai's Jewellery Emporium.
  2113 | D:3      | Found a burning altar of Makhleb.
  2228 | D:4      | Slain by an ufetubus

Illustrated notes

Levels and vault maps discovered:
D:1:      lightli_arrival_isolated_outpost, layout_basic, serial_shops,
          nicolae_shop_behind_doors, serial_bayou_ford_a,
          minmay_gold_behind_fungi, chequers_big_river, serial_bayou_crossing
D:2:      layout_rooms, serial_glass, glass_columns_a, glass_columns_a,
          glass_columns_c, glass_columns_b, basic_altar, serial_shops, shop
D:3:      layout_rooms, bloody_makhleb, gammafunk_ghost_grave, serial_shops,
          shop, nicolae_diamond_shop
D:4:      layout_rooms

Skill      XL: |  1  2  3 |
---------------+----------+-----
Unarmed Combat | 4 5 |  5.9
Fighting       | |  2.6
Dodging        | |  3.2
Stealth        | |  3.0

Action                     |  1- 3 |  4- 6 || total
---------------------------+-------+-------++-------
  Melee: Unarmed           |   130 |    24 ||   154
         Bite              |    15 |     2 ||    17
         Punch             |     1 |       ||     1
Ability: Bat Form          |     1 |       ||     1
         Exsanguinate      |     1 |       ||     1
    Use: Potion            |     1 |       ||     1
         Scroll            |     5 |       ||     5
   Stab: Sleeping          |    10 |     1 ||    11
 Armour: Robe              |     5 |       ||     5
  Dodge: Dodged            |    76 |    47 ||   123

Table legend: (Time is in decaauts)
 A = Elapsed time spent in this place.
 B = Non-inter-level travel time spent in this place.
 C = Inter-level travel time spent in this place.
 D = Time resting spent in this place.
 E = Time spent auto-exploring this place.
 F = Levels seen in this place.
 G = Mean time per level.
                   A        B        C        D        E       F      G
               +--------+--------+--------+--------+--------+-----+--------+
         Total |   1961 |   1919 |     42 |    155 |   1400 |   4 |  490.2 |
       Dungeon |   1961 |   1919 |     42 |    155 |   1400 |   4 |  490.2 |
               +--------+--------+--------+--------+--------+-----+--------+

Top non-repeatable levels by time:
     D:1: 1087 daAuts
     D:2: 552 daAuts
     D:3: 277 daAuts
     D:4: 43 daAuts
